 Dungeon Crawl Stone Soup version bcrawl-1.38.1 (webtiles) character file.

Game seed: 4704960550004425607

358807 Morbidden the Basher (level 10, -5/106 HPs)
             Began as an Ent Archaeologist on Mar 28, 2023.
             Was an Initiate of Cheibriados.
             Slain by a death yak (21 damage)
             ... on level 7 of the Dungeon.
             The game lasted 00:14:41 (7851 turns).

Morbidden the Basher (Ent Archaeologist)            Turns: 7851, Time: 00:14:42

Health: -5/106     AC: 18    Str: 20    XL:     10   Next: 63%
Magic:  17/17      EV: 11    Int: 27    God:    Cheibriados [......]
Gold:   357        SH:  9    Dex: 15    Spells: 19/19 levels left

rFire    + + .     GDR:     35% a - +1 war axe (elec)
rCold    . . .     SeeInvis .   C - +0 medium shield
rNeg     + + +     Gourm    +   (armour unavailable)
rPois    +         Faith    .   c - +1 hat
rElec    .         Spirit   .   (no cloak)
rCorr    .         Reflect  .   (gloves unavailable)
MR       +....                  (boots unavailable)
Stlth    +++.......             K - amulet "Odic Nui" {Gourm Fragile rPois Int+8 Dex+6}
HPRegen  0.27/turn              s - ring of protection from fire
MPRegen  0.15/turn              G - ring of protection from fire (curse)

@: starving, studying Maces & Flails, very slow
A: large, slow actions, passwall, strong branches, negative energy resistance 3,
poison resistance, slow metabolism 1, torment resistance, unbreathing, AC +17
a: Passwall, Bend Time, Renounce Religion


You were on level 7 of the Dungeon.
You worshipped Cheibriados.
Cheibriados was noncommittal.
You were starving.

You visited 2 branches of the dungeon, and saw 8 of its levels.
You also visited: Ossuary.

You collected 411 gold pieces.
You spent 54 gold pieces at shops.

Inventory:

Hand Weapons
 a - a +1 war axe of electrocution (weapon)
 b - a +0 blowgun
 B - a +0 quarterstaff
 I - a +0 great mace
Missiles
 d - 3 curare-tipped needles
 h - 448 poisoned needles
 r - 2091 stones (quivered)
Armour
 c - a +1 hat (worn)
 C - a +0 medium shield (worn)
Jewellery
 s - a ring of protection from fire (left hand)
 G - a cursed ring of protection from fire (right hand)
 K - the amulet "Odic Nui" (around neck) {Gourm Fragile rPois Int+8 Dex+6}
   (You acquired it on level 6 of the Dungeon)

   [amulet of the gourmand]

   It allows you to eat raw meat even when not hungry.
   It affects your intelligence (+8).
   It affects your dexterity (+6).
   It protects you from poison.
   It will be destroyed if unequipped.
Wands
 t - a wand of flame (17)
 x - a wand of disintegration (15)
Scrolls
 g - 3 scrolls of magic mapping
 i - 3 scrolls of identify
 k - a scroll of fog
 n - a scroll of amnesia
 v - 2 scrolls of teleportation
 y - 3 scrolls of enchant weapon
 z - 2 scrolls of immolation
 A - 8 scrolls of remove curse
 D - a scroll of noise
 E - 2 scrolls of enchant armour
 H - a scroll of fear
Potions
 f - a potion of curing
 j - 2 potions of agility
 l - a potion of magic {unknown}
 m - a potion of berserk rage {unknown}
 o - 3 potions of mutation {unknown}
 p - 2 potions of ambrosia {unknown}
 q - 3 potions of haste {unknown}
 u - a potion of brilliance {unknown}
 F - 2 potions of might {unknown}
 L - a potion of degeneration {unknown}
 M - 2 potions of cancellation {unknown}
Comestibles
 e - 11 rations {!d}
 w - 2 chunks of flesh


   Skills:
 * Level 6.2 Fighting
 * Level 4.5(6.4) Axes
 * Level 10.9(11.7) Maces & Flails
 * Level 3.5 Throwing
 * Level 7.0 Dodging
 + Level 4.1 Stealth
 * Level 3.4 Shields
 * Level 5.2 Spellcasting
 * Level 0.7 Invocations
 * Level 4.5 Evocations


You had 19 spell levels left.
You didn't know any spells.
Your spell library was empty.

Dungeon Overview and Level Annotations

Branches:
Dungeon (7/12)             Temple (1/1) D:7            Lair (0/6) D:7

Altars:
Cheibriados
Dithmenos
Elyvilon
Gozag
Hepliaklqana
Nemelex Xobeh
Okawaru
Ru
Trog
Vehumet
Xom
Yredelemnul
Zin
The Shining One

Shops:
D:5 [   D:6 :

Annotations:
D:6 1 runed translucent door, yrara's ghost, novice DsFi
D:7 Dowan


Innate Abilities, Weirdness & Mutations

You move and act slowly.
You can pass through walls and trees.
Your branches can wield two-handed weapons with a shield.
Your thick bark is tough. (AC +17)
You are too large for most types of armour.
You are immune to negative energy. (rN+++)
Your system is resistant to poisons. (rPois)
You have a slow metabolism.
You are immune to unholy pain and torment.
You can survive without breathing.


Message History

You hit the death yak but do no damage.
Lightning courses through the death yak!
The death yak is severely wounded.
The yak snorts and paws the ground.
The death yak barely misses you.
The yak snorts and paws the ground.
You hit the death yak but do no damage.
Lightning courses through the death yak!
The death yak is almost dead.
The death yak gores you.
* * * LOW HITPOINT WARNING * * *
The death yak gores you!
* * * LOW HITPOINT WARNING * * *
No path to travel!
No path to travel!
You hit the death yak but do no damage.
The death yak is almost dead.
The death yak gores you but does no damage.
The death yak gores you!!
You die...

#.............# #Y#
#..#..>.#....# #5#
........#....#####.#
.................Y.#
...........#.#######
.............#
......YYY..# .######Y##.#
##@##.### #.......#
#..##.#.# #.#####.....#.#
#..........##.###########
#######.....#.##.........
#...#.).##..###.###
#####...........# #.#
#........#..####.# #.# #


You could see a death yak and 3 yaks.

Vanquished Creatures
  4 death yaks (D:7)
  An orc knight (D:7)
  A hippogriff (D:5)
  Sigmund (D:2)
  A wraith (Ossuary)
  Duvessa (D:7)
  A crocodile (D:7)
  An orc warrior (D:4)
  Purgy (D:3)
  4 sky beasts
  A black bear (D:7)
  A phantom (D:4)
  2 ogres (D:7)
  3 centaurs
  3 scorpions
  7 killer bees
  3 howler monkeys
  2 orc priests
  7 crimson imps
  A quasit (D:5)
  3 jellies
  A bullfrog skeleton (D:4)
  4 hounds
  2 orc wizards
  Jessica (D:5)
  2 iguanas
  4 worker ants
  A hound skeleton (D:7)
  A mummy (Ossuary)
  A howler monkey zombie (D:5)
  Robin (D:4)
  8 adders
  A gnoll (D:2)
  A shadow imp (D:7)
  An adder skeleton (D:4)
  An adder zombie (D:6)
  2 worms
  4 leopard geckos
  17 orcs
  A ball python (D:2)
  A giant cockroach (D:3)
  10 hobgoblins
  15 jackals
  3 quokkas
  2 bats (D:3)
  3 frilled lizards
  2 gnoll skeletons (Ossuary)
  14 goblins
  8 kobolds
  6 kobold skeletons (Ossuary)
  17 orc skeletons (Ossuary)
  A quokka zombie (D:5)
  3 rats
188 creatures vanquished.

Notes
Turn   | Place    | Note
-------+----------+-------------------------------------------
     0 | D:1      | Morbidden the Ent Archaeologist began the quest for the
                  | Orb.
     0 | D:1      | Reached XP level 1. HP: 21/21 MP: 1/1
   726 | D:1      | Reached XP level 2. HP: 29/29 MP: 2/2
  1202 | D:2      | Reached skill level 2 in Maces & Flails
  1202 | D:2      | Reached XP level 3. HP: 30/36 MP: 2/4
  1219 | D:2      | Found an iron altar of Okawaru.
  1364 | D:2      | Reached skill level 1 in Spellcasting
  1442 | D:2      | Noticed Sigmund
  1463 | D:2      | Killed Sigmund
  1464 | D:2      | Reached skill level 3 in Maces & Flails
  1464 | D:2      | Reached skill level 1 in Throwing
  1464 | D:2      | Reached skill level 1 in Evocations
  1464 | D:2      | Reached XP level 4. HP: 31/47 MP: 4/6
  1464 | D:2      | Reached XP level 5. HP: 35/54 MP: 4/7
  1464 | D:2      | Identified a scroll of acquirement
  1464 | D:2      | Identified the -3 cloak of Prudence {rElec rC+ Int+4 Dex-4}
                  | (You acquired it on level 2 of the Dungeon)
  1464 | D:2      | Identified the ring "Beycoad" {Ice Int+5} (You acquired it
                  | on level 2 of the Dungeon)
  1727 | D:3      | Noticed Purgy
  1755 | D:3      | Noticed Jessica
  1944 | D:3      | Reached skill level 4 in Maces & Flails
  2188 | D:3      | Reached XP level 6. HP: 64/64 MP: 8/8
  2330 | D:3      | Killed Purgy
  2428 | D:3      | Reached skill level 5 in Maces & Flails
  2962 | D:4      | Noticed Robin
  3282 | D:4      | Killed Robin
  3430 | D:4      | Reached XP level 7. HP: 71/72 MP: 10/10
  3446 | D:4      | Got a buzzing dagger
  3664 | D:4      | Reached skill level 6 in Maces & Flails
  3924 | D:4      | Found a shimmering altar of Xom.
  3971 | D:4      | Paralysed by a crimson imp for 4 turns
  3989 | D:4      | Reached skill level 7 in Maces & Flails
  4150 | D:5      | Entered Level 5 of the Dungeon
  4165 | D:5      | Reached XP level 8. HP: 47/84 MP: 12/12
  4168 | D:5      | Reached skill level 5 in Dodging
  4217 | D:5      | Found Cimoc's Armour Emporium.
  4222 | D:5      | Bought a +0 medium shield for 54 gold pieces
  4241 | D:5      | Found a sand-covered staircase.
  4257 | Ossuary  | Entered an ossuary
  4906 | D:5      | Reached skill level 8 in Maces & Flails
  5104 | D:5      | Noticed a hippogriff
  5118 | D:5      | Killed a hippogriff
  5119 | D:5      | Reached skill level 1 in Shields
  5560 | D:5      | Killed Jessica
  5561 | D:5      | Reached skill level 5 in Fighting
  5732 | D:6      | Reached skill level 9 in Maces & Flails
  6105 | D:6      | Reached XP level 9. HP: 95/95 MP: 14/14
  6273 | D:6      | Found Jiqoblex's Book Shoppe.
  6325 | D:6      | Found a runed translucent door.
  6325 | D:6      | Noticed yrara's ghost (novice DsFi)
  6507 | D:6      | Identified the +3 giant club of Hyredacw {crush, rElec rN++
                  | MR+ Int-2} (You acquired it on level 6 of the Dungeon)
  6507 | D:6      | Identified the +1 hat of Indemnity {rCorr Str+5 Int-4
                  | Dex+2} (You acquired it on level 6 of the Dungeon)
  6507 | D:6      | Identified the amulet "Odic Nui" {Gourm Fragile rPois Int+8
                  | Dex+6} (You acquired it on level 6 of the Dungeon)
  6739 | D:7      | Noticed a death yak
  6740 | D:7      | Noticed a death yak
  6749 | D:7      | Noticed Duvessa
  6759 | D:7      | Killed Duvessa
  6760 | D:7      | Reached skill level 1 in Axes
  6763 | D:7      | Noticed a death yak
  6764 | D:7      | Noticed a death yak
  6766 | D:7      | Noticed a death yak
  6767 | D:7      | Killed a death yak
  6770 | D:7      | Killed a death yak
  6771 | D:7      | Reached skill level 10 in Maces & Flails
  6772 | D:7      | Noticed Dowan
  6778 | D:7      | Killed a death yak
  6779 | D:7      | Reached XP level 10. HP: 24/106 MP: 17/17
  6896 | D:7      | Noticed an orc knight
  6910 | D:7      | Killed an orc knight
  6911 | D:7      | Reached skill level 5 in Spellcasting
  6919 | D:7      | HP: 4/106 [killer bee (3)]
  7563 | D:7      | Found a staircase to the Ecumenical Temple.
  7627 | Temple   | Entered the Ecumenical Temple
  7716 | Temple   | Became a worshipper of Cheibriados the Contemplative
  7824 | D:7      | Found a staircase to the Lair.
  7842 | D:7      | Killed a death yak
  7851 | D:7      | Slain by a death yak

Skill      XL: |  1  2  3  4  5  6  7  8  9 10 |
---------------+-------------------------------+-----
Dodging        | 3 4 5 6 7 |  7.0
Maces & Flails | 2 3 4 5 7 9 10 | 10.9
Spellcasting   | 1 2 3 4 5 |  5.2
Fighting       | 2 3 4 5 6 |  6.2
Throwing       | 1 2 3 |  3.5
Evocations     | 1 2 3 4 |  4.5
Stealth        | 4 |  4.1
Shields        | 1 3 |  3.4
Axes           | 3 4 |  4.5
Invocations    | |  0.7

Action                   |  1- 3 |  4- 6 |  7- 9 | 10-12 || total
-------------------------+-------+-------+-------+-------++-------
Melee: Mace              |   107 |   185 |   346 |       ||   638
       Whip              |    15 |       |       |       ||    15
       War axe           |       |       |    77 |    78 ||   155
 Fire: Blowgun           |     2 |    12 |    14 |     8 ||    36
Throw: Stone             |    26 |    26 |    40 |     8 ||   100
Evoke: Wand              |       |       |     6 |     4 ||    10
  Use: Scroll            |     1 |     2 |    15 |     1 ||    19
       Potion            |       |       |     5 |     1 ||     6
 Stab: Sleeping          |     1 |       |     2 |       ||     3
       Distracted        |       |     1 |       |       ||     1
  Eat: Chunk             |     6 |    13 |    17 |     4 ||    40
       Ration            |       |       |     2 |       ||     2
Armor: Skin              |    81 |   214 |   436 |    82 ||   813
Dodge: Dodged            |   106 |   219 |   337 |    85 ||   747
Block: Medium shield     |       |       |   127 |    68 ||   195
